 Dungeon Crawl Stone Soup version 0.31-a0-239-g0a1456f148 (webtiles) character file.

Game seed: 6475315562320644860

63 qw the Shooter (level 3, -2/29 HPs)
             Began as a Minotaur Hexslinger on July 11, 2023.
             Slain by Sigmund
             ... wielding a +1 heavy scythe
              (15 damage)
             ... on level 2 of the Dungeon.
             The game lasted 00:00:26 (1185 turns).

qw the Shooter (Minotaur Hexslinger)                Turns: 1185, Time: 00:00:26

Health: -2/29      AC:  6    Str: 12    XL:     3   Next: 87%
Magic:  3/3        EV: 11    Int: 10    God:
Gold:   34         SH:  0    Dex: 14    Spells: 3/4 levels left

rFire   . . .        Y - +1 sling
rCold   . . .        (no shield)
rNeg    . . .        d - +0 ring mail
rPois   .            (helmet restricted)
rElec   .            j - +0 cloak
rCorr   .            (no gloves)
SInv    .            (no boots)
Will    .....        (no amulet) Stlth
                     (no ring)
HPRegen 0.24/turn    (no ring)
MPRegen 0.08/turn

%: no passive effects
@: confused
A: horns 2, retaliatory headbutt
a: no special abilities


You were on level 2 of the Dungeon.
You visited 1 branch of the dungeon, and saw 2 of its levels.

You collected 34 gold pieces.


Innate Abilities, Weirdness & Mutations

You have a pair of horns on your head.
You reflexively headbutt those who attack you in melee.


   Skills:
 - Level 2.0 Fighting
 + Level 4.2 Ranged Weapons
 - Level 1.0 Armour
 - Level 2.1 Dodging
 - Level 1.0 Spellcasting
 - Level 2.0 Hexes


You had 3 spell levels left.
You knew the following spells:

 Your Spells              Type           Power      Damage    Failure   Level
a - Slow                  Hex            16%        N/A       34%         1

Your spell library contained the following spells:

 Spells                   Type           Power      Damage    Failure   Level
 Inner Flame              Hex/Fire       2%         N/A       83%         3
 Portal Projectile        Hex/Tloc       4%         N/A       83%         3
 Cause Fear               Hex            2%         N/A       98%         4

Inventory:

Hand Weapons
 Y - a +1 sling (weapon)
Armour
 d - a +0 ring mail (worn)
 j - a +0 cloak (worn)
Scrolls
 a - a scroll of identify
Potions
 e - a potion of curing
 i - a potion of heal wounds

Dungeon Overview and Level Annotations

Branches:
Dungeon (2/15)

Altars:

Annotations:
D:2 Sigmund


Message History

A rat comes into view.
You shoot a sling bullet. The sling bullet hits the rat.
You kill the rat!
A rat comes into view.
You shoot a sling bullet. The sling bullet hits the rat.
You kill the rat!
An adder comes into view.
The adder hisses angrily.
You hear a shout!
You shoot a sling bullet. The sling bullet misses the adder.
Sigmund the Dreaded comes into view.
He is wielding a +1 heavy scythe.
You shoot a sling bullet. The sling bullet hits the adder!
The adder is severely wounded.
Sigmund mumbles some strange words.
Sigmund flickers and vanishes!
Deactivating autopickup; reactivate with Ctrl-A.
Autopickup is now on.
You shoot a sling bullet. The sling bullet hits the adder.
You kill the adder!
You see here a rat corpse.
Something barely misses you.
There is a strange disturbance nearby!
1180 ||| Stepping randomly (disturbance).
1181 ||| Stepping randomly (disturbance).
Something hits you.
Deactivating autopickup; reactivate with Ctrl-A.
You shoot a sling bullet. You shoot a sling bullet.
You hear some strange, mumbled words.
A puff of flame appears from out of thin air!
The puff of flame hits you!
You shoot a sling bullet.
You hear some strange, mumbled words.
A puff of flame appears from out of thin air!
The puff of flame hits you.
You hear some strange, mumbled words.
You are confused.
You shoot a sling bullet. Something hits you!
Ouch! That really hurt!
You die...

###################
#........%.........
######.########.@..#####
.....#.###### #{...#
......................
.#...#.########....####
.#.###.# #....# .#.# #.#
#....# .#.# #.. ######
.#.. ... .... #...


There were no monsters in sight!

Vanquished Creatures
  Robin (D:2)
  An adder (D:2)
  A dart slug (D:2)
  2 bats (D:1)
  A giant cockroach (D:2)
  13 goblins
  3 hobgoblins
  3 jackals (D:1)
  A quokka (D:1)
  3 ball pythons (D:1)
  2 frilled lizards
  3 kobolds (D:1)
  5 rats
39 creatures vanquished.

Notes
Turn   | Place    | Note
-------+----------+-------------------------------------------
     0 | D:1      | qw the Minotaur Hexslinger began the quest for the Orb.
     0 | D:1      | Reached XP level 1. HP: 16/16 MP: 1/1
     0 | D:1      | 0 ||| qw: Version: 0.3-a-52-g30416fa
     0 | D:1      | 0 ||| qw: Game counter: 5905
     0 | D:1      | 0 ||| qw: Melee chars always use a shield: true
     0 | D:1      | 0 ||| qw: God list: Okawaru
     0 | D:1      | 0 ||| qw: Allow faded altars: false
     0 | D:1      | 0 ||| qw: Do Orc after clearing Dungeon:15 true
     0 | D:1      | 0 ||| qw: Do second Lair branch before Depths: true
     0 | D:1      | 0 ||| qw: Lair rune preference: random
     0 | D:1      | 0 ||| qw: Goals: Normal
     0 | D:1      | 0 ||| PLANNING D:1-11
    99 | D:1      | Reached skill level 3 in Ranged Weapons
   132 | D:1      | Reached XP level 2. HP: 23/23 MP: 2/2
   969 | D:1      | 969 ||| UPGRADING to +0 ring mail.
   979 | D:1      | 979 ||| DROPPING +0 robe.
   980 | D:1      | 980 ||| UPGRADING to +0 cloak.
   985 | D:1      | 985 ||| READING 4 scrolls labelled ESAILU BIFRUC.
   986 | D:1      | 986 ||| READING scroll labelled QALEYR KEAPPO.
   987 | D:1      | 987 ||| READING scroll labelled UPLILOOGO.
   988 | D:1      | 988 ||| DRINKING 2 fuming amethyst potions.
   989 | D:1      | 989 ||| READING 3 scrolls of identify.
   989 | D:1      | 989 ||| IDENTIFYING smoky emerald potion
   990 | D:1      | 990 ||| READING 2 scrolls of identify.
   990 | D:1      | 990 ||| IDENTIFYING cyan potion
   991 | D:1      | 991 ||| DROPPING scroll of poison.
   992 | D:1      | 992 ||| DROPPING potion of lignification.
  1023 | D:2      | Noticed Robin
  1026 | D:2      | Reached XP level 3. HP: 29/29 MP: 3/3
  1038 | D:2      | Killed Robin
  1039 | D:2      | Reached skill level 4 in Ranged Weapons
  1149 | D:2      | Reached skill level 1 in Armour
  1175 | D:2      | Noticed Sigmund
  1180 | D:2      | 1180 ||| Stepping randomly (disturbance).
  1181 | D:2      | 1181 ||| Stepping randomly (disturbance).
  1185 | D:2      | Slain by Sigmund

Levels and vault maps discovered:
D:1:      spicycebolla_arrival_xxxplode, layout_basic
D:2:      layout_basic, minmay_pentomino_w4, uniq_robin,
          uniq_crazy_yiuf_cottage, uniq_sigmund

Skill      XL: |  1  2  3 |
---------------+----------+-----
Ranged Weapons | 3 4 |  4.2
Fighting       | 2 |  2.0
Armour         | 1 |  1.0
Dodging        | |  2.1
Spellcasting   | |  1.0
Hexes          | |  2.0

Action                     || total
---------------------------++-------
   Fire: Sling             ||   103
    Use: Scroll            ||     5
         Potion            ||     1
 Armour: Robe              ||     5
         Ring mail         ||     7
  Dodge: Dodged            ||    30

Table legend:
 A = Non-vault XP
 B = Vault XP
 C = Vault XP percentage of total XP
 D = Non-vault monster count
 E = Vault monster count
 F = Vault count percentage of total count
                 A         B        C        D         E       F
            +---------+---------+-------+---------+---------+-------
      Total |      54 |      36 |  40.0 |      27 |      12 |  30.8
            +---------+---------+-------+---------+---------+-------
        D:1 |      33 |       0 |   0.0 |      22 |       0 |   0.0
        D:2 |      21 |      36 |  63.2 |       5 |      12 |  70.6
            +---------+---------+-------+---------+---------+-------
